[Event "I. Hungarian E-mail Final"]
[Site "E4EC"]
[Date "2004.01.24"]
[Round "1"]
[White "Farkas, Zsolt"]
[Black "Kiss, István"]
[Board "1832"]
[TimeControl "10/50"]
[WhiteElo "2356"]
[BlackElo "2207"]
[WhiteCountry "HUN"]
[BlackCountry "HUN"]
[Result "1-0"]

1.e4 g6 2.d4 Bg7 3.Nc3 d6 4.Be3 c6 5.Qd2 b5 6.Bd3 Nd7 7.Nf3 Qc7
8.O-O Ngf6 9.a3 O-O 10.Bh6 e5 11.Rad1 exd4 12.Nxd4 Bxh6 13.Qxh6 a5
14.Nce2 Ng4 15.Qh4 Nc5 16.h3 Ne5 17.f4 Nexd3 18.cxd3 f5 19.exf5 Bxf5
20.Nxf5 Rxf5 21.Nd4 Rh5 22.Qg4 Rd5 23.f5 Qc8 24.Qh4 Qd7 25.Rde1 g5
26.Qxg5+ Qg7 27.Qxg7+ Kxg7 28.f6+ Kg8 29.Nxc6 Rxd3 30.Re7 Rf8
31.Kh2 Rd5 32.b4 axb4 33.axb4 1-0

[Event "I. Hungarian E-mail Final"]
[Site "E4EC"]
[Date "2003.12.14"]
[Round "1"]
[White "Szenczy, Sándor"]
[Black "Schulle, József"]
[Board "1833"]
[TimeControl "10/50"]
[WhiteElo "2046"]
[BlackElo "2166"]
[WhiteCountry "HUN"]
[BlackCountry "ROM"]
[Result "1/2-1/2"]

1.e4 c6 2.d4 d5 3.Nc3 dxe4 4.Nxe4 Bf5 5.Ng3 Bg6 6.h4 h6 7.Nf3 Nd7
8.h5 Bh7 9.Bd3 Bxd3 10.Qxd3 e6 11.Bf4 Qa5+ 12.Bd2 Qc7 13.O-O-O Ngf6
14.Ne4 O-O-O 15.g3 Nxe4 16.Qxe4 Nf6 17.Qe2 Bd6 18.Kb1 Rhe8 19.Bc1 Kb8
20.Rh4 Ka8 21.c4 c5 22.Be3 cxd4 23.Rhxd4 Nxh5 24.c5 Be7 25.Rc1 e5
26.Rxd8+ Rxd8 27.Qc4 f5 28.Qf7 Nf6 29.Qxg7 Ng4 30.Bxh6 Rc8 31.c6 bxc6
32.Rc2 Bf6 33.Qxc7 Rxc7 34.Bg5 Bxg5 35.Nxg5 Kb7 36.f3 Ne3 37.Re2 f4
38.g4 Rd7 39.Re1 Kb6 40.Rc1 Rd4 41.b3 Rd3 42.Re1 Kc5 43.Rc1+ Kd5
44.Ne4 Ng2 45.Nf6+ Kd6 46.Ne4+ Kd5 47.Nf6+ 1/2-1/2

[Event "I. Hungarian E-mail Final"]
[Site "E4EC"]
[Date "2003.12.17"]
[Round "1"]
[White "Szenczy, Sándor"]
[Black "Kovács, Arthur"]
[Board "1834"]
[TimeControl "10/50"]
[WhiteElo "2046"]
[BlackElo "2278"]
[WhiteCountry "HUN"]
[BlackCountry "HUN"]
[Result "1/2-1/2"]

1.c4 e6 2.d4 Nf6 3.Nf3 d5 4.Nc3 Be7 5.Bg5 h6 6.Bh4 O-O 7.e3 b6
8.Bd3 Bb7 9.O-O Nbd7 10.Qe2 c5 11.Rfd1 Ne4 12.Bg3 Nxg3 13.hxg3 cxd4
14.exd4 dxc4 15.Bxc4 Nf6 16.Rac1 Bb4 17.Ba6 Qe7 18.Bxb7 Qxb7
19.Qb5 Bxc3 20.bxc3 Rac8 21.c4 Rfd8 22.Re1 Rd6 23.c5 Rd5 24.Qb4 Rd7
25.Ne5 bxc5 26.Qxb7 Rxb7 27.Rxc5 Rd8 28.Rc4 g6 29.Re3 Rd6 30.Kf1 Nd5
31.Ra3 Nb6 32.Rb4 Kg7 33.Ke2 Rc7 34.Kd3 Nd5 35.Rc4 Rb7 36.Rca4 Nb4+ 1/2-1/2

[Event "I. Hungarian E-mail Final"]
[Site "E4EC"]
[Date "2003.12.17"]
[Round "1"]
[White "Szenczy, Sándor"]
[Black "Tímár, Zsolt"]
[Board "1835"]
[TimeControl "10/50"]
[WhiteElo "2046"]
[BlackElo "2385"]
[WhiteCountry "HUN"]
[BlackCountry "HUN"]
[Result "0-1"]

1.e4 c5 2.Nf3 d6 3.d4 cxd4 4.Nxd4 Nf6 5.Nc3 g6 6.Be3 Bg7 7.f3 O-O
8.Qd2 Nc6 9.Bc4 Bd7 10.O-O-O Qa5 11.Bb3 Rfc8 12.Kb1 Ne5 13.Bg5 Rc5
14.h4 Rac8 15.Bxf6 Bxf6 16.Nd5 Qxd2 17.Rxd2 Kg7 18.h5 Bg5 19.f4 Rxd5
20.Bxd5 Bxf4 21.Rdd1 b5 22.hxg6 hxg6 23.Rdf1 Be3 24.c3 e6 25.Bb3 Nc4
26.Bxc4 Rxc4 27.Rd1 e5 28.Nc2 Bc5 29.b4 Bb6 30.Rxd6 Bg4 31.Kb2 Rxe4
32.Rd2 Bc8 33.a4 bxa4 34.Ra1 f5 35.Rxa4 Be6 36.Ra1 Kf6 37.Rh1 Rg4
38.Re1 Rg3 39.Na3 f4 40.Nc2 g5 41.Rde2 Bg8 42.Rh1 Bc4 43.Rd2 e4 0-1

[Event "I. Hungarian E-mail Final"]
[Site "E4EC"]
[Date "2003.12.12"]
[Round "1"]
[White "Szenczy, Sándor"]
[Black "Molnár, Béla"]
[Board "1836"]
[TimeControl "10/50"]
[WhiteElo "2046"]
[BlackElo "1800"]
[WhiteCountry "HUN"]
[BlackCountry "HUN"]
[Result "1-0"]

1.d4 e6 2.e4 d5 3.Nd2 Nf6 4.e5 Nfd7 5.f4 c5 6.c3 Nc6 7.Ngf3 f6
8.Nb3 cxd4 9.Nbxd4 Nc5 10.Be3 Qc7 11.exf6 gxf6 12.Be2 a6 13.Nd2 Bd7
14.b4 Na4 15.Nxe6 Bxe6 16.Qxa4 Kf7 17.O-O Bd6 18.Qd1 Ne7 19.Bh5+ Kg7
20.f5 Bf7 21.Qg4+ Ng6 22.g3 Rae8 23.Bd4 Be5 24.Rac1 Qe7 25.Rf2 1-0

[Event "I. Hungarian E-mail Final"]
[Site "E4EC"]
[Date "2003.12.10"]
[Round "1"]
[White "Szenczy, Sándor"]
[Black "Laszlo, Imre"]
[Board "1837"]
[TimeControl "10/50"]
[WhiteElo "2046"]
[BlackElo "1800"]
[WhiteCountry "HUN"]
[BlackCountry "HUN"]
[Result "1/2-1/2"]

1.e4 c5 2.Nf3 Nc6 3.d4 cxd4 4.Nxd4 Nf6 5.Nc3 e5 6.Ndb5 d6 7.Bg5 a6
8.Na3 b5 9.Nd5 Be7 10.Bxf6 Bxf6 11.c3 Bb7 12.Nc2 Ne7 13.Nce3 Nxd5
14.Nxd5 O-O 15.a4 Bc6 16.a5 Bg5 17.Be2 f5 18.Bf3 fxe4 19.Bxe4 Ra7
20.Qd3 Kh8 21.O-O Raf7 22.Nb4 Bxe4 23.Qxe4 Qc7 24.Qc6 Qxc6 25.Nxc6 e4
26.Rae1 d5 27.Nb4 d4 28.Rxe4 dxc3 29.bxc3 Bd2 30.Nxa6 Bxc3 31.Nb4 Ra7
32.a6 Bxb4 33.Rxb4 Rxa6 34.Rxb5 Ra2 35.f3 1/2-1/2

[Event "I. Hungarian E-mail Final"]
[Site "E4EC"]
[Date "2003.12.17"]
[Round "1"]
[White "Szenczy, Sándor"]
[Black "Kerekes, Jozsef"]
[Board "1838"]
[TimeControl "10/50"]
[WhiteElo "2046"]
[BlackElo "2282"]
[WhiteCountry "HUN"]
[BlackCountry "YUG"]
[Result "0-1"]

1.e4 g6 2.d4 Bg7 3.Nc3 c6 4.Bc4 d6 5.Qf3 e6 6.Nge2 Nd7 7.O-O Ngf6
8.Bb3 O-O 9.Bg5 Qc7 10.a4 b6 11.Rad1 a6 12.Qf4 b5 13.Ng3 b4 14.Nce2 a5
15.Nc1 c5 16.dxc5 e5 17.Qd2 Nxc5 18.f3 Nxb3 19.Nxb3 Ra6 20.Na1 Bd7
21.Bh6 Bxh6 22.Qxh6 Bxa4 23.Nf5 Nh5 24.g4 f6 25.gxh5 gxf5 26.Rd2 Raa8
27.exf5 Bc6 28.Kf2 Kh8 29.Rg1 d5 30.Rg6 Qe7 31.c3 Rf7 32.Nc2 bxc3
33.bxc3 a4 34.Rg1 Rb8 35.Qe3 Rb3 36.f4 d4 37.Qg3 Qf8 0-1

[Event "I. Hungarian E-mail Final"]
[Site "E4EC"]
[Date "2003.12.14"]
[Round "1"]
[White "Szenczy, Sándor"]
[Black "Darvasi, Ferenc"]
[Board "1839"]
[TimeControl "10/50"]
[WhiteElo "2046"]
[BlackElo "2315"]
[WhiteCountry "HUN"]
[BlackCountry "HUN"]
[Result "1-0"]

1.e4 c5 2.Nf3 Nc6 3.d4 cxd4 4.Nxd4 Nf6 5.Nc3 d6 6.Bg5 e6 7.Qd2 Be7
8.O-O-O O-O 9.f4 Nxd4 10.Qxd4 Qa5 11.Bc4 Bd7 12.e5 dxe5 13.fxe5 Bc6
14.Bd2 Nd7 15.Nd5 Qd8 16.Nxe7+ Qxe7 17.Rhe1 Rfd8 18.Qg4 Nf8 19.Bd3 Qc5
20.Bb4 Qb6 21.Bd6 Rac8 22.Kb1 Ng6 23.h4 Qf2 24.Bxg6 hxg6 25.Re2 Qf5
26.Qd4 Qh5 27.Qf2 Bd5 28.Rd4 Rc4 29.Red2 Rxd4 30.Rxd4 f5 31.Be7 Rc8
32.Bg5 Be4 33.Rd2 Qg4 34.a3 Bd5 35.b3 a5 36.Kb2 b5 37.Be3 Kh7
38.Qf4 Qh5 39.a4 b4 40.Bb6 Ra8 41.g3 Kh8 42.Qe3 Kh7 43.Rd4 Kg8
44.Qd3 Kh8 45.Rxd5 exd5 46.Qxd5 Re8 47.Bc7 g5 48.hxg5 Qxg5 49.Qc6 Rf8
50.Bxa5 Qxg3 51.Qh1+ Kg8 52.Qd5+ Kh7 53.Bxb4 Re8 54.Bd6 Rc8 55.c4 Re8
56.a5 Qe3 57.b4 f4 58.Kc2 Kh8 59.e6 Qe2+ 60.Kb3 Rxe6 61.Bxf4 Re4
62.Bc7 Re3+ 63.Ka4 Rh3 64.Qf7 Rh5 65.c5 Rh4 66.Qf8+ Kh7 67.Qf5+ Kh8
68.Be5 Kg8 69.Qd7 Qa2+ 70.Kb5 1-0

[Event "I. Hungarian E-mail Final"]
[Site "E4EC"]
[Date "2003.12.15"]
[Round "1"]
[White "Laszlo, Imre"]
[Black "Fenyvesi, Miklós"]
[Board "1840"]
[TimeControl "10/50"]
[WhiteElo "1800"]
[BlackElo "1800"]
[WhiteCountry "HUN"]
[BlackCountry "HUN"]
[Result "0-1"]

1.e4 c5 2.d4 cxd4 3.c3 dxc3 4.Nxc3 e6 5.Nf3 a6 6.Bc4 Nc6 7.O-O Nge7
8.Bf4 Ng6 9.Bg3 b5 10.Bb3 Bb7 11.Rc1 Be7 12.Qe2 O-O 13.e5 Rc8
14.Bc2 f5 15.exf6 gxf6 16.Rfd1 f5 17.Bb3 Rf6 18.Ng5 Nf8 19.Nf3 Rg6
20.a3 Na5 21.Ba2 Nc4 22.Bxc4 bxc4 23.Nb1 Qb6 24.Nbd2 Qxb2 25.Ne5 Bd5
26.Nexc4 Bxc4 27.Rxc4 Rxc4 28.Qxc4 Rg4 29.Qf1 Ra4 0-1

[Event "I. Hungarian E-mail Final"]
[Site "E4EC"]
[Date "2003.12.10"]
[Round "1"]
[White "Laszlo, Imre"]
[Black "Fogarasi, Norbert"]
[Board "1841"]
[TimeControl "10/50"]
[WhiteElo "1800"]
[BlackElo "1800"]
[WhiteCountry "HUN"]
[BlackCountry "HUN"]
[Result "1/2-1/2"]

1.e4 c5 2.Nf3 e6 3.d4 cxd4 4.Nxd4 Nf6 5.Nc3 d6 6.Bg5 Be7 7.f4 h6
8.Bxf6 Bxf6 9.Ndb5 Be7 10.Qd4 O-O 11.O-O-O Nc6 12.Qe3 e5 13.Nd5 a6
14.Nxe7+ Qxe7 15.Nxd6 Rd8 16.fxe5 Qxe5 17.Rd5 Qe7 18.Nxc8 Rdxc8
19.Kb1 Nb4 20.Rd2 Qe6 21.b3 Qe5 22.Bc4 b5 23.Bd5 Nxd5 24.Rxd5 Qc7
25.Qd3 Rd8 26.h4 Rxd5 27.exd5 Rd8 28.Qe4 Qd6 29.Rd1 a5 30.g4 a4
31.g5 axb3 32.cxb3 h5 33.Qf5 Qg3 34.Rf1 Rd7 35.Rc1 Rd8 36.Qe4 Qf2
37.g6 1/2-1/2

[Event "I. Hungarian E-mail Final"]
[Site "E4EC"]
[Date "2003.12.10"]
[Round "1"]
[White "Laszlo, Imre"]
[Black "Szabó, Zsolt"]
[Board "1842"]
[TimeControl "10/50"]
[WhiteElo "1800"]
[BlackElo "2253"]
[WhiteCountry "HUN"]
[BlackCountry "HUN"]
[Result "0-1"]

1.e4 e5 2.Nf3 Nc6 3.Bc4 Nf6 4.Ng5 d5 5.exd5 Na5 6.Bb5+ c6 7.dxc6 bxc6
8.Bd3 Nd5 9.Nf3 Bd6 10.O-O Nf4 11.Re1 Nxd3 12.cxd3 O-O 13.Nxe5 Re8
14.d4 f6 15.Nf3 Bg4 16.Re3 Bf4 17.h3 Bxe3 18.dxe3 Bh5 19.Nbd2 Qd5
20.Qa4 Qb5 21.Qxb5 cxb5 22.b3 Bg6 23.Ba3 Nb7 24.Bc5 a5 25.a3 Kf7
26.Rc1 Red8 27.Kh2 Rdc8 28.Kg3 Ra6 29.e4 Nxc5 30.Rxc5 Rxc5 31.dxc5 Rc6
32.b4 axb4 33.axb4 Ra6 34.Nd4 Ra4 35.Nxb5 Rxb4 36.Nd6+ Ke7 37.f3 Kd7
38.Nf5 Bxf5 39.exf5 Rb2 40.Ne4 Kc6 41.h4 Kd5 42.h5 h6 43.Nf2 Rd2
44.Ne4 Rc2 45.Nf2 Rxc5 46.Kf4 Rc4+ 47.Ne4 Kd4 48.Nd6 Rb4 0-1

[Event "I. Hungarian E-mail Final"]
[Site "E4EC"]
[Date "2003.12.10"]
[Round "1"]
[White "Laszlo, Imre"]
[Black "Száva, Miklós"]
[Board "1843"]
[TimeControl "10/50"]
[WhiteElo "1800"]
[BlackElo "1800"]
[WhiteCountry "HUN"]
[BlackCountry "HUN"]
[Result "1/2-1/2"]

1.e4 c5 2.Nf3 Nc6 3.d4 cxd4 4.Nxd4 g6 5.c4 Bg7 6.Be3 Nf6 7.Nc3 Ng4
8.Qxg4 Nxd4 9.Qd1 e5 10.Nd5 O-O 11.h4 d6 12.h5 Be6 13.Qd2 Bxd5
14.cxd5 Rc8 15.Bd3 Qd7 16.Rd1 Rc7 17.b3 Rfc8 18.Bxd4 exd4 19.hxg6 fxg6
20.Qg5 Rf8 21.Qh4 Bf6 22.Qh3 Qf7 23.Qe6 Qxe6 24.dxe6 Re8 25.Bc4 a6
26.a4 Kg7 27.Ke2 b5 28.Bd5 Rc3 29.Rh3 1/2-1/2

[Event "I. Hungarian E-mail Final"]
[Site "E4EC"]
[Date "2003.12.10"]
[Round "1"]
[White "Laszlo, Imre"]
[Black "Farkas, Zsolt"]
[Board "1844"]
[TimeControl "10/50"]
[WhiteElo "1800"]
[BlackElo "2356"]
[WhiteCountry "HUN"]
[BlackCountry "HUN"]
[Result "0-1"]

1.e4 c5 2.Nf3 Nc6 3.d4 cxd4 4.Nxd4 Nf6 5.Nc3 e5 6.Ndb5 d6 7.Bg5 a6
8.Na3 b5 9.Bxf6 gxf6 10.Nd5 f5 11.g3 fxe4 12.Bg2 Be6 13.Bxe4 Rc8
14.c3 Bg7 15.Nc2 O-O 16.g4 Ne7 17.Nce3 Nxd5 18.Nxd5 Kh8 19.Rg1 Qh4
20.Qf3 Bh6 21.Qf6+ Qxf6 22.Nxf6 b4 23.Rg3 bxc3 24.bxc3 Rfd8 25.g5 Bg7
26.Bb7 Rc4 27.Bxa6 Rh4 28.a4 h6 29.Bb5 e4 30.Bc6 hxg5 31.Nxe4 Rc8
32.Bb7 Rc7 33.Ba8 d5 34.Nxg5 Bxc3+ 35.Rxc3 Rxc3 36.a5 Rc2 0-1

[Event "I. Hungarian E-mail Final"]
[Site "E4EC"]
[Date "2003.12.10"]
[Round "1"]
[White "Laszlo, Imre"]
[Black "Nagy, Sándor"]
[Board "1845"]
[TimeControl "10/50"]
[WhiteElo "1800"]
[BlackElo "1800"]
[WhiteCountry "HUN"]
[BlackCountry "HUN"]
[Result "1/2-1/2"]

1.e4 c5 2.Nf3 d6 3.d4 cxd4 4.Nxd4 Nf6 5.Nc3 a6 6.Bg5 e6 7.f4 Qb6
8.a3 Be7 9.e5 Ng8 10.Bxe7 Nxe7 11.exd6 Qxd6 12.Qd2 O-O 13.Bd3 Nd7
14.Nb3 Qb6 15.Qf2 Qxf2+ 16.Kxf2 b6 17.Rad1 Nf6 18.a4 Bb7 19.a5 b5
20.Nc5 Bc6 21.Rhe1 Rfc8 22.N3e4 Nxe4+ 23.Nxe4 Bd5 24.c3 Rab8 1/2-1/2

[Event "I. Hungarian E-mail Final"]
[Site "E4EC"]
[Date "2004.01.24"]
[Round "1"]
[White "Laszlo, Imre"]
[Black "Kiss, István"]
[Board "1846"]
[TimeControl "10/50"]
[WhiteElo "1800"]
[BlackElo "2207"]
[WhiteCountry "HUN"]
[BlackCountry "HUN"]
[Result "1/2-1/2"]

1.e4 g6 2.d4 Bg7 3.Nc3 d6 4.Be3 c6 5.Qd2 b5 6.f3 Nd7 7.Bd3 Qa5
8.Nge2 b4 9.Nd1 Ngf6 10.a3 c5 11.Nf2 Rb8 12.O-O O-O 13.b3 Qc7
14.axb4 Rxb4 15.Ra3 Rb7 16.Rfa1 Nb8 17.dxc5 dxc5 18.Bf4 Qd8 19.Bh6 Nc6
20.Bxg7 Kxg7 21.Qe3 Nd4 22.R1a2 e5 23.Bc4 Be6 24.Bxe6 Nxe6
25.Rxa7 Rxa7 26.Rxa7 Nd4 27.Nc1 Qb6 28.Ra2 Qb8 29.Nfd3 Rc8 30.Rb2 Qc7
31.c3 Nxb3 32.Rxb3 c4 33.Ra3 cxd3 34.Nxd3 Qd6 1/2-1/2

[Event "I. Hungarian E-mail Final"]
[Site "E4EC"]
[Date "2003.12.14"]
[Round "1"]
[White "Nagy, Sándor"]
[Black "Schulle, József"]
[Board "1847"]
[TimeControl "10/50"]
[WhiteElo "1800"]
[BlackElo "2166"]
[WhiteCountry "HUN"]
[BlackCountry "ROM"]
[Result "1/2-1/2"]

1.e4 c6 2.d4 d5 3.e5 Bf5 4.Nf3 e6 5.Be2 c5 6.O-O Nc6 7.c3 Nge7
8.dxc5 Ng6 9.b4 Ngxe5 10.Nd4 Bg6 11.Bb5 a6 12.Ba4 Qd7 13.f4 Nc4
14.f5 Bxf5 15.Nxf5 exf5 16.Bf4 Be7 17.Nd2 Nxd2 18.Qxd2 O-O 19.Rad1 a5
20.Bb3 axb4 21.cxb4 d4 22.Rf3 Rfe8 23.Rdf1 Bf8 24.Bc4 1/2-1/2

[Event "I. Hungarian E-mail Final"]
[Site "E4EC"]
[Date "2003.12.17"]
[Round "1"]
[White "Nagy, Sándor"]
[Black "Kovács, Arthur"]
[Board "1848"]
[TimeControl "10/50"]
[WhiteElo "1800"]
[BlackElo "2278"]
[WhiteCountry "HUN"]
[BlackCountry "HUN"]
[Result "1/2-1/2"]

1.e4 e5 2.Nf3 Nc6 3.Bb5 a6 4.Ba4 Nf6 5.O-O Be7 6.Re1 b5 7.Bb3 d6
8.c3 O-O 9.h3 Re8 10.d4 Bb7 11.Nbd2 Bf8 12.a4 h6 13.Bc2 exd4
14.cxd4 Nb4 15.Bb1 c5 16.d5 Nd7 17.Ra3 f5 18.Nh2 Qe7 19.Rae3 f4
20.Ra3 Bxd5 21.Ndf3 Bf7 22.Bxf4 Ne5 23.axb5 axb5 24.Rxa8 Rxa8
25.Ng4 Nbc6 26.Qe2 c4 27.Be3 Be6 28.b3 cxb3 29.Ngxe5 Nxe5 30.Nd4 Nc4
31.Qd3 Na3 32.Nxb3 Bc4 33.Qd1 Nxb1 34.Qxb1 d5 35.Nd2 b4 36.exd5 Ba2
37.Qd3 Qd7 38.Nf3 Ra3 39.Qd1 Bxd5 40.Ne5 Qe6 41.Ng6 Bd6 42.Nf4 Bxf4
43.Bxf4 Rd3 44.Qxd3 Qxe1+ 45.Kh2 Qe4 46.Qxe4 Bxe4 47.Be5 Kf7 1/2-1/2

[Event "I. Hungarian E-mail Final"]
[Site "E4EC"]
[Date "2003.12.17"]
[Round "1"]
[White "Nagy, Sándor"]
[Black "Tímár, Zsolt"]
[Board "1849"]
[TimeControl "10/50"]
[WhiteElo "1800"]
[BlackElo "2385"]
[WhiteCountry "HUN"]
[BlackCountry "HUN"]
[Result "1-0"]

1.e4 c5 2.Nf3 d6 3.d4 cxd4 4.Nxd4 Nf6 5.Nc3 a6 6.Bg5 e6 7.f4 Qb6
8.Qd2 Qxb2 9.Nb3 Qa3 10.Bxf6 gxf6 11.Be2 Nc6 12.O-O Bd7 13.Kh1 Rc8
14.Bh5 Bg7 15.Rf3 O-O 16.Rd1 f5 17.exf5 exf5 18.Nd5 Qxa2 19.Nb6 Rcd8
20.Rg3 Qb2 21.Nc4 Qf6 22.Nxd6 Bc8 23.Rd3 Rd7 24.Bf3 Rc7 25.Qe3 Re7
26.Qc5 Re6 27.c4 Qe7 28.Qf2 Rg6 29.Bh5 Rf6 30.Nc5 Nb4 31.R3d2 b6
32.Na4 b5 33.cxb5 axb5 34.Nc5 Na6 35.Re1 Qxd6 36.Rxd6 Rxd6
37.Nxa6 Rxa6 38.Qc5 Be6 39.Qxb5 Rfa8 40.h3 Ra5 41.Qb6 R5a6 42.Qf2 h6
43.Bf3 Rd8 44.Rd1 Rxd1+ 45.Bxd1 Ra1 46.Qf3 Bf6 47.Kh2 Ra2 48.Qd3 Kg7
49.Bf3 Ra4 50.Qe3 Bd4 51.Qe1 Bf6 52.Qg3+ 1-0

[Event "I. Hungarian E-mail Final"]
[Site "E4EC"]
[Date "2003.12.12"]
[Round "1"]
[White "Nagy, Sándor"]
[Black "Molnár, Béla"]
[Board "1850"]
[TimeControl "10/50"]
[WhiteElo "1800"]
[BlackElo "1800"]
[WhiteCountry "HUN"]
[BlackCountry "HUN"]
[Result "1-0"]

1.e4 e6 2.d4 d5 3.Nc3 Nf6 4.Bg5 Bb4 5.e5 h6 6.Bd2 Bxc3 7.bxc3 Ne4
8.Qg4 Kf8 9.Nf3 c5 10.Qf4 c4 11.Be2 Nc6 12.O-O b5 13.Rfb1 Rb8
14.Be1 a5 15.Qe3 Kg8 16.a4 Ba6 17.axb5 Rxb5 18.Rxb5 Bxb5 19.Nd2 Nxd2
20.Bxd2 1-0

[Event "I. Hungarian E-mail Final"]
[Site "E4EC"]
[Date "2003.12.06"]
[Round "1"]
[White "Nagy, Sándor"]
[Black "Szenczy, Sándor"]
[Board "1851"]
[TimeControl "10/50"]
[WhiteElo "1800"]
[BlackElo "2046"]
[WhiteCountry "HUN"]
[BlackCountry "HUN"]
[Result "1-0"]

1.e4 c5 2.Nf3 d6 3.d4 cxd4 4.Nxd4 Nf6 5.Nc3 a6 6.Bg5 e6 7.f4 Be7
8.Qf3 Qc7 9.O-O-O Nbd7 10.g4 b5 11.Bxf6 Nxf6 12.g5 Nd7 13.f5 Bxg5+
14.Kb1 Ne5 15.Qh5 Qe7 16.Nxe6 Bxe6 17.fxe6 g6 18.exf7+ Kxf7 19.Qh3 Kg7
20.Nd5 Qd8 21.Qc3 Ra7 22.Qa3 Rf8 23.Bxb5 Rf3 24.Qa4 Qc8 25.h4 Bh6
26.h5 g5 27.Rhf1 g4 28.Be2 Rxf1 29.Rxf1 Kh8 30.Qb4 Qd8 31.Rg1 Rg7
32.a4 g3 33.Qa3 g2 34.Qh3 Qa5 35.Nc3 Bd2 36.h6 Rg6 37.Rxg2 Rxg2
38.Qxg2 Bxh6 39.Qh3 Kg7 40.Qe6 Qc5 41.Bxa6 1-0

[Event "I. Hungarian E-mail Final"]
[Site "E4EC"]
[Date "2003.12.17"]
[Round "1"]
[White "Nagy, Sándor"]
[Black "Kerekes, Jozsef"]
[Board "1852"]
[TimeControl "10/50"]
[WhiteElo "1800"]
[BlackElo "2282"]
[WhiteCountry "HUN"]
[BlackCountry "YUG"]
[Result "1-0"]

1.e4 g6 2.d4 Bg7 3.Nc3 c6 4.Nf3 d5 5.h3 Nh6 6.Bf4 O-O 7.Qd2 dxe4
8.Nxe4 Nf5 9.c3 Nd6 10.Nxd6 exd6 11.Be2 d5 12.O-O Bf5 13.Rae1 Nd7
14.g4 Be6 15.Bd3 Re8 16.Re2 c5 17.Rfe1 c4 18.Bc2 Qb6 19.Ng5 Nf8
20.Ba4 Re7 21.Bd1 Rae8 22.b3 cxb3 23.Bxb3 Qd8 24.Bg3 Qd7 25.f4 Bf6
26.f5 Bxf5 27.Nxf7 Kxf7 28.gxf5 Rxe2 29.Rxe2 Rxe2 30.Qxe2 gxf5
31.Qf3 Ke6 32.Bc2 Qc6 33.Bxf5+ Ke7 34.h4 h6 35.Bh3 Ne6 36.Qe3 Qb6
37.Kh2 Qa6 38.a4 Qc6 39.Bg2 b6 40.Qe2 a5 41.Bf3 Kd8 42.Qe3 Ke7
43.Bg2 Qxa4 44.Bxd5 Qc2+ 45.Bg2 Kf7 46.Qxh6 Qxc3 47.Qh7+ Kf8
48.Bd6+ Ke8 49.h5 Bg5 50.h6 Qd2 51.Qg6+ Kd7 52.Bg3 1-0

[Event "I. Hungarian E-mail Final"]
[Site "E4EC"]
[Date "2003.12.14"]
[Round "1"]
[White "Nagy, Sándor"]
[Black "Darvasi, Ferenc"]
[Board "1853"]
[TimeControl "10/50"]
[WhiteElo "1800"]
[BlackElo "2315"]
[WhiteCountry "HUN"]
[BlackCountry "HUN"]
[Result "1/2-1/2"]

1.e4 c5 2.Nf3 Nc6 3.d4 cxd4 4.Nxd4 Nf6 5.Nc3 e5 6.Ndb5 d6 7.Bg5 a6
8.Na3 b5 9.Bxf6 gxf6 10.Nd5 Bg7 11.Bd3 Ne7 12.Nxe7 Qxe7 13.O-O O-O
14.c3 f5 15.Nc2 Rb8 16.exf5 e4 17.Re1 Bxf5 18.Nb4 a5 19.Nd5 Qe5
20.Bc2 Bg6 21.g4 f5 22.f4 Qe6 23.Ne3 Kh8 24.Nxf5 Bxf5 25.gxf5 Qxf5
26.Rxe4 b4 27.Re3 Qxf4 28.Rh3 Bh6 29.Kh1 Rb7 30.Bd3 bxc3 31.bxc3 Rc7
32.Qe2 Rxc3 33.Rg1 Rc7 34.Qe1 Qd4 35.Qxa5 Rg7 36.Rxg7 Qxg7 37.Qb5 Qc3 1/2-1/2

[Event "I. Hungarian E-mail Final"]
[Site "E4EC"]
[Date "2003.12.17"]
[Round "1"]
[White "Kerekes, Jozsef"]
[Black "Fenyvesi, Miklós"]
[Board "1854"]
[TimeControl "10/50"]
[WhiteElo "2282"]
[BlackElo "1800"]
[WhiteCountry "YUG"]
[BlackCountry "HUN"]
[Result "1/2-1/2"]

1.d4 Nf6 2.c4 c5 3.d5 b5 4.cxb5 a6 5.e3 g6 6.Nc3 Bg7 7.Nf3 O-O
8.a4 Bb7 9.Be2 axb5 10.Bxb5 e6 11.dxe6 fxe6 12.Qd6 Qc8 13.O-O Ne8
14.Qg3 Bxf3 15.gxf3 Nc6 16.Ne4 c4 17.Bd2 d5 18.Ng5 h6 19.Nh3 Kh7
20.Bc3 Ne7 21.e4 Nc7 22.Bxg7 Kxg7 23.exd5 Nxb5 24.Qe5+ Rf6
25.axb5 Nxd5 26.f4 Kf7 27.Qd4 Rf5 28.f3 Rb8 29.Ra7+ Rb7 30.Rc1 Rxa7
31.Qxa7+ Ne7 32.Nf2 Rxb5 33.Ng4 Qd8 34.Ne5+ Kf6 1/2-1/2

[Event "I. Hungarian E-mail Final"]
[Site "E4EC"]
[Date "2003.12.17"]
[Round "1"]
[White "Kerekes, Jozsef"]
[Black "Fogarasi, Norbert"]
[Board "1855"]
[TimeControl "10/50"]
[WhiteElo "2282"]
[BlackElo "1800"]
[WhiteCountry "YUG"]
[BlackCountry "HUN"]
[Result "1/2-1/2"]

1.d4 d5 2.c4 c6 3.Nf3 Nf6 4.Nc3 e6 5.e3 Nbd7 6.Qc2 Bd6 7.Be2 O-O
8.O-O dxc4 9.Bxc4 e5 10.h3 exd4 11.exd4 h6 12.Bxh6 Nh7 13.Bb3 Nb6
14.Bd2 Bc7 15.Rfe1 Qf6 16.Ne4 Qg6 17.Nc5 Qxc2 18.Bxc2 Nd5 19.Bb3 Nhf6
20.Rac1 Bd6 21.Bg5 Nf4 22.Bxf6 gxf6 23.Rcd1 Kg7 24.Nd3 Nxd3 25.Rxd3 a5
26.a3 a4 27.Bd1 Be6 28.h4 Rh8 29.g3 Rh6 30.d5 cxd5 31.Nd4 f5 32.f4 Kf6
33.Kh2 Ra5 34.Bf3 Rh8 35.Red1 Rd8 36.Kh3 Bc7 37.Nc2 Bb6 38.Nb4 d4
39.Bxb7 Ra7 40.Bf3 Rc7 41.Re1 Ba5 42.Rxe6+ fxe6 43.Nc6 Ra8 44.Rxd4 Bb6
45.Rd3 Bc5 46.Ne5 Ra6 47.Rd8 Bd6 48.Be2 Bxe5 49.Bxa6 Bxb2 50.Bb5 Bxa3
51.Bxa4 e5 52.fxe5+ 1/2-1/2

[Event "I. Hungarian E-mail Final"]
[Site "E4EC"]
[Date "2003.12.17"]
[Round "1"]
[White "Kerekes, Jozsef"]
[Black "Szabó, Zsolt"]
[Board "1856"]
[TimeControl "10/50"]
[WhiteElo "2282"]
[BlackElo "2253"]
[WhiteCountry "YUG"]
[BlackCountry "HUN"]
[Result "1/2-1/2"]

1.d4 Nf6 2.c4 g6 3.Nc3 d5 4.Nf3 Bg7 5.e3 O-O 6.cxd5 Nxd5 7.Bc4 Nxc3
8.bxc3 c5 9.O-O Qc7 10.Qe2 Bg4 11.Ba3 Nd7 12.Bb5 a6 13.Bxd7 Bxd7
14.Rac1 b6 15.c4 Bg4 16.Rfd1 Rad8 17.dxc5 bxc5 18.Rd5 Rxd5 19.cxd5 Qa5
20.Qd3 Bxf3 21.gxf3 Rc8 22.Kg2 Bf6 23.Rc4 Be5 24.f4 Bf6 25.f5 Qb6
26.fxg6 hxg6 27.Qb3 Qd6 28.e4 e6 29.Qh3 Rc7 30.dxe6 fxe6 31.Qb3 Kg7
32.Bb2 Qf4 33.e5 Qg5+ 34.Qg3 Be7 35.Qxg5 Bxg5 36.Kf3 Be7 37.Bc1 Kf7
38.Be3 Rc8 39.Rf4+ 1/2-1/2

[Event "I. Hungarian E-mail Final"]
[Site "E4EC"]
[Date "2003.12.17"]
[Round "1"]
[White "Kerekes, Jozsef"]
[Black "Száva, Miklós"]
[Board "1857"]
[TimeControl "10/50"]
[WhiteElo "2282"]
[BlackElo "1800"]
[WhiteCountry "YUG"]
[BlackCountry "HUN"]
[Result "1/2-1/2"]

1.d4 Nf6 2.c4 c5 3.d5 b5 4.cxb5 a6 5.e3 g6 6.Nc3 d6 7.Nf3 Bg7
8.a4 O-O 9.Ra3 Nbd7 10.e4 Ne8 11.bxa6 Nc7 12.Bd2 e6 13.Bg5 Nf6
14.dxe6 Nxe6 15.Bh4 Qa5 16.Nd2 Bxa6 17.Bb5 Bxb5 18.axb5 Qb4 19.Rb3 Qd4
20.O-O Nd7 21.Ne2 Qa4 22.Be7 Rfe8 23.Bxd6 Rad8 24.Nc3 Qa7 25.Nc4 Ne5
26.Nxe5 Bxe5 27.Bxe5 Rxd1 28.Rxd1 Nd4 29.Bxd4 cxd4 30.b6 Qa5
31.Nd5 Kg7 32.f3 f5 33.Nc7 Rb8 34.Rb5 Qa4 35.b3 Qa2 36.Ne6+ Kh6
37.Nxd4 fxe4 38.fxe4 Rf8 39.Nf3 1/2-1/2

[Event "I. Hungarian E-mail Final"]
[Site "E4EC"]
[Date "2003.12.17"]
[Round "1"]
[White "Kerekes, Jozsef"]
[Black "Farkas, Zsolt"]
[Board "1858"]
[TimeControl "10/50"]
[WhiteElo "2282"]
[BlackElo "2356"]
[WhiteCountry "YUG"]
[BlackCountry "HUN"]
[Result "0-1"]

1.d4 f5 2.c4 Nf6 3.Nc3 g6 4.g3 Bg7 5.Bg2 O-O 6.Nh3 d6 7.d5 c6
8.O-O h6 9.Qb3 e5 10.dxe6 Re8 11.Rd1 Qe7 12.Qc2 Bxe6 13.b3 Nbd7
14.Nf4 Bf7 15.e3 Ne5 16.Bb2 g5 17.Nfe2 Bg6 18.Qd2 Rad8 19.Nd4 Ne4
20.Nxf5 Bxf5 21.Nxe4 d5 22.cxd5 Rxd5 23.Nf6+ Bxf6 24.Bxd5+ cxd5
25.Qxd5+ Be6 26.Qe4 Nf3+ 27.Qxf3 Bxb2 28.Rab1 Bg7 29.Rbc1 Rf8
30.Qe2 g4 31.e4 a6 32.Qe3 Kh7 33.Rd2 Be5 34.Qb6 Rf7 35.Rd3 h5
36.Rc2 Qf6 37.Rdd2 Kg7 38.Rd3 h4 39.Rcd2 Bc7 40.Qc5 Kg6 41.Rd1 hxg3
42.hxg3 Qh8 43.Qb4 a5 44.Qc5 Rh7 45.Kf1 Rh1+ 46.Ke2 Qb2+ 47.R3d2 Qf6
48.Rd3 Rh2 49.Rf1 Qb2+ 50.Rd2 Qg7 51.Kd1 a4 52.bxa4 Rh5 53.Qd4 Qf7
54.Kc1 Bxg3 55.Kb1 Be5 56.Qb6 Kh7 0-1

[Event "I. Hungarian E-mail Final"]
[Site "E4EC"]
[Date "2003.12.17"]
[Round "1"]
[White "Kerekes, Jozsef"]
[Black "Laszlo, Imre"]
[Board "1859"]
[TimeControl "10/50"]
[WhiteElo "2282"]
[BlackElo "1800"]
[WhiteCountry "YUG"]
[BlackCountry "HUN"]
[Result "1-0"]

1.d4 d5 2.c4 c6 3.Nf3 Nf6 4.Nc3 e6 5.e3 Nbd7 6.Qc2 Bd6 7.Be2 O-O
8.O-O dxc4 9.Bxc4 e5 10.Bb3 Qc7 11.Bd2 exd4 12.exd4 Nb6 13.Rfe1 Bg4
14.Ne5 Be6 15.Bxe6 fxe6 16.Bf4 Nbd5 17.Bg3 Rad8 18.Rad1 a6 19.a3 Rde8
20.Ne4 Nxe4 21.Rxe4 Nf6 22.Re2 Nh5 23.Nf3 Nxg3 24.hxg3 Rf6 25.Ng5 Rg6
26.f4 c5 27.d5 e5 28.fxe5 Rxg5 29.exd6 Qd7 30.Rxe8+ Qxe8 31.Qxc5 h6
32.Rc1 Kh7 33.Qc2+ Qg6 34.Qxg6+ Kxg6 35.Rc5 Kf6 36.b4 1-0